 Dungeon Crawl Stone Soup version 0.31-a0-232-gb1c03b2570 (webtiles) character file.

Game seed: 15592854850094277822

50 qw the Shooter (level 3, 0/29 HPs)
             Began as a Minotaur Hexslinger on July 6, 2023.
             Slain by a hobgoblin (2 damage)
             ... on level 2 of the Dungeon.
             The game lasted 00:00:29 (1143 turns).

qw the Shooter (Minotaur Hexslinger)                Turns: 1143, Time: 00:00:29

Health: 0/29       AC:  7    Str: 12    XL:     3   Next: 55%
Magic:  3/3        EV: 12    Int: 10    God:
Gold:   78         SH:  0    Dex: 14    Spells: 3/4 levels left

rFire   . . .        Y - +1 sling
rCold   . . .        (no shield)
rNeg    . . .        f - +0 leather armour
rPois   .            (helmet restricted)
rElec   .            (no cloak)
rCorr   .            (no gloves)
SInv    .            (no boots)
Will    .....        (no amulet)
Stlth   +            d - +4 ring of protection
HPRegen 0.24/turn    (no ring)
MPRegen 0.08/turn

%: no passive effects
@: no status effects
A: horns 2, retaliatory headbutt
a: no special abilities


You were on level 2 of the Dungeon.
You visited 1 branch of the dungeon, and saw 2 of its levels.

You collected 78 gold pieces.


Innate Abilities, Weirdness & Mutations

You have a pair of horns on your head.
You reflexively headbutt those who attack you in melee.


   Skills:
 - Level 2.0 Fighting
 + Level 4.1 Ranged Weapons
 - Level 2.1 Dodging
 - Level 1.0 Spellcasting
 - Level 2.0 Hexes


You had 3 spell levels left.
You knew the following spells:

 Your Spells              Type           Power      Damage    Failure   Level
a - Slow                  Hex            16%        N/A       19%         1

Your spell library contained the following spells:

 Spells                   Type           Power      Damage    Failure   Level
 Inner Flame              Hex/Fire       2%         N/A       65%         3
 Portal Projectile        Hex/Tloc       4%         N/A       65%         3
 Cause Fear               Hex            2%         N/A       88%         4

Inventory:

Hand Weapons
 Y - a +1 sling (weapon)
Armour
 f - a +0 leather armour (worn)
Jewellery
 d - a +4 ring of protection (left hand)
Scrolls
 a - a scroll of identify
Potions
 e - a potion of enlightenment {unknown}
 g - a potion of haste {unknown}

Dungeon Overview and Level Annotations

Branches:
Dungeon (2/15)

Altars:

Annotations:
D:2 Robin


Message History

You shoot a sling bullet. The sling bullet barely misses Robin.
Robin hits you but does no damage. The hobgoblin misses you.
You shoot a sling bullet. The sling bullet closely misses Robin.
Robin hits you but does no damage. The hobgoblin barely misses you.
You shoot a sling bullet. The sling bullet closely misses Robin.
The hobgoblin hits you.
Robin barely misses you. x2; The hobgoblin hits you.
You shoot a sling bullet. The sling bullet barely misses Robin.
The hobgoblin barely misses you. Robin closely misses you.
You shoot a sling bullet.
The sling bullet hits Robin but does no damage.
Robin hits you with a +0 short sword. The hobgoblin hits you.
You shoot a sling bullet. The sling bullet closely misses Robin.
Robin laughs in a distinctly smug fashion.
Robin barely misses you. You furiously retaliate!
You headbutt Robin, but do no damage. The hobgoblin closely misses you.
You shoot a sling bullet. The sling bullet closely misses Robin.
Robin hits you but does no damage. The hobgoblin closely misses you. x2
Robin barely misses you.
You shoot a sling bullet. The sling bullet hits Robin.
Robin is moderately wounded.
Robin hits you with a +0 short sword.
The hobgoblin hits you but does no damage.
You shoot a sling bullet.
The sling bullet hits Robin but does no damage.
Robin is moderately wounded.
Robin hits you with a +0 short sword. The hobgoblin misses you.
You shoot a sling bullet. The sling bullet barely misses Robin.
Robin hits you but does no damage. The hobgoblin hits you.
You shoot a sling bullet.
The sling bullet hits Robin but does no damage.
Robin is moderately wounded.
The hobgoblin no longer looks unusually strong.
The hobgoblin hits you.
Robin roars a battlecry!
The hobgoblin goes into a battle-frenzy!
The hobgoblin hits you but does no damage.
Robin hits you but does no damage.
You shoot a sling bullet. The sling bullet barely misses Robin.
Robin hits you but does no damage. The hobgoblin hits you.
You die...

### . # ... .. #.
#.# ). #.#####.#
)# ......#.###.#
#....g..)#
#.#....@g)#
#......)##.#
#####.### .#
#>..# .# #...# .#
#...# # #...#
#...# #.
.####...######...


You could see Robin and a hobgoblin (strong).

Vanquished Creatures
  A worm (D:2)
  A dart slug (D:1)
  2 bats
  An endoplasm (D:1)
  2 giant cockroaches
  10 goblins
  6 hobgoblins
  3 jackals (D:1)
  2 quokkas (D:1)
  3 ball pythons (D:1)
  2 frilled lizards
  2 kobolds (D:1)
  4 rats
39 creatures vanquished.

Vanquished Creatures (others)
  A goblin (D:2)
1 creature vanquished.

Grand Total: 40 creatures vanquished

Notes
Turn   | Place    | Note
-------+----------+-------------------------------------------
     0 | D:1      | qw the Minotaur Hexslinger began the quest for the Orb.
     0 | D:1      | Reached XP level 1. HP: 16/16 MP: 1/1
     0 | D:1      | 0 ||| qw: Version: 0.3-a-46-gb1f654a
     0 | D:1      | 0 ||| qw: Game counter: 2125
     0 | D:1      | 0 ||| qw: Melee chars always use a shield: true
     0 | D:1      | 0 ||| qw: God list: Okawaru
     0 | D:1      | 0 ||| qw: Allow faded altars: false
     0 | D:1      | 0 ||| qw: Do Orc after clearing Dungeon:15 true
     0 | D:1      | 0 ||| qw: Do second Lair branch before Depths: true
     0 | D:1      | 0 ||| qw: Lair rune preference: random
     0 | D:1      | 0 ||| qw: Goals: Normal
     0 | D:1      | 0 ||| PLANNING D:1-11
     4 | D:1      | Noticed a formicid
     4 | D:1      | Noticed a minotaur
     6 | D:1      | Noticed a felid
     6 | D:1      | Noticed a naga
     8 | D:1      | Noticed an octopode
     8 | D:1      | Noticed a gargoyle
    10 | D:1      | Noticed a demigod
    10 | D:1      | Noticed a merfolk
    12 | D:1      | Noticed an ogre
    12 | D:1      | Noticed a vampire
    14 | D:1      | Noticed a spriggan
    14 | D:1      | Noticed a tengu
    16 | D:1      | Noticed a ghoul
    16 | D:1      | Noticed a draconian
    18 | D:1      | Noticed an elf
    18 | D:1      | Noticed an armataur
    20 | D:1      | Noticed a troll
    22 | D:1      | Noticed a vine stalker
    22 | D:1      | Noticed a demonspawn
    24 | D:1      | Noticed a human
    24 | D:1      | Noticed an elf
    26 | D:1      | Noticed a meteoran
    26 | D:1      | Noticed an armataur
   132 | D:1      | Reached skill level 3 in Ranged Weapons
   191 | D:1      | Reached XP level 2. HP: 23/23 MP: 2/2
   200 | D:1      | You fall into a shaft and drop 1 floor!
   218 | D:2      | 218 ||| UPGRADING to +0 leather armour.
   228 | D:2      | 228 ||| DROPPING +0 robe.
   229 | D:2      | 229 ||| UPGRADING to +4 ring of protection.
   230 | D:2      | 230 ||| DROPPING scroll of poison.
   927 | D:1      | 927 ||| READING 2 scrolls labelled JOIPEU VOOFOMO.
   928 | D:1      | 928 ||| READING scroll labelled HYSIRO MIHORR.
   991 | D:2      | Reached XP level 3. HP: 12/29 MP: 3/3
   998 | D:2      | 998 ||| FLEEEEING.
   999 | D:2      | 999 ||| FLEEEEING.
  1000 | D:2      | 1000 ||| STAIRDANCE
  1113 | D:2      | Noticed Robin
  1115 | D:2      | Reached skill level 4 in Ranged Weapons
  1129 | D:2      | 1129 ||| FLEEEEING.
  1140 | D:2      | HP: 5/29 [Robin/+0 short sword (3)]
  1141 | D:2      | HP: 2/29 [hobgoblin (3)]
  1143 | D:2      | Slain by a hobgoblin

Levels and vault maps discovered:
D:1:      kb_arrival_jail, layout_basic, minmay_misc_feat_plants,
          minmay_tree_intersection
D:2:      layout_loops_cross, ebering_ecumenical_altar_hall, uniq_jessica,
          uniq_natasha, uniq_robin

Skill      XL: |  1  2  3 |
---------------+----------+-----
Ranged Weapons | 3 4 |  4.1
Fighting       | 2 |  2.0
Dodging        | |  2.1
Spellcasting   | |  1.0
Hexes          | |  2.0

Action                     || total
---------------------------++-------
   Fire: Sling             ||   124
    Use: Scroll            ||     2
 Armour: Robe              ||     4
         Leather armour    ||    39
  Dodge: Dodged            ||    57

Table legend:
 A = Non-vault XP
 B = Vault XP
 C = Vault XP percentage of total XP
 D = Non-vault monster count
 E = Vault monster count
 F = Vault count percentage of total count
                 A         B        C        D         E       F
            +---------+---------+-------+---------+---------+-------
      Total |      50 |      22 |  30.6 |      28 |      11 |  28.2
            +---------+---------+-------+---------+---------+-------
        D:1 |      38 |       0 |   0.0 |      22 |       0 |   0.0
        D:2 |      12 |      22 |  64.7 |       6 |      11 |  64.7
            +---------+---------+-------+---------+---------+-------
